Map: [ESL] Dynasty

Players

BattleB

  • Race: Terran Terran
  • Spawn Location: 7:00

MaNa - Winner!

  • Race: Protoss Protoss
  • Spawn Location: 1:00

Event: ESL SC2 Masters 2024 Spring (Regional)

VOD

Have the link to the VOD?

Description

Time

  • Played on: April 16, 2024, 10:43 a.m.
  • Length: 10:56

All games in this series

Show
View Real Time Build Order
Export as new Build Order

BattleB Terran 

Build Orders: 1/1/1 

Get SALT Encoding   

  12  0:00  SCV  
  13  0:12  SCV  
  14  0:16  Supply Depot  
  14  0:24  SCV  
  15  0:38  SCV  
  15  0:39  Barracks  
  15  0:42  Refinery  
  16  0:50  SCV  
  16  0:52  Refinery  
  17  1:02  SCV  
  18  1:14  SCV  
  19  1:22  Supply Depot  
  19  1:26  Orbital Command, Reaper  
  20  1:41  Factory  
  20  1:52  SCV  
  21  1:59  Barracks Reactor  
  21  2:04  SCV  
  22  2:14  Command Center  
  22  2:17  SCV  
  23  2:26  Starport  
  23  2:32  SCV  
  23  2:34  Widow Mine  
  26  2:39  Supply Depot  
  26  2:44  SCV, Marine  
  28  2:47  Marine  
  29  2:55  Widow Mine  
  31  3:01  SCV  
  31  3:03  Marine  
  31  3:04  Medivac  
  35  3:07  Marine  
  36  3:13  SCV  
  36  3:17  Factory Tech Lab  
  36  3:21  Marine  
  36  3:24  Marine  
  36  3:25  SCV  
  36  3:26  Orbital Command  
  39  3:36  Siege Tank, Starport Tech Lab  
  39  3:39  SCV  
  43  3:41  Supply Depot  
  43  3:45  Marine  
  43  3:46  Marine  
  45  3:52  SCV x2  
  47  3:57  Raven  
  49  4:02  Barracks  
  49  4:04  SCV x2  
  49  4:07  Marine  
  49  4:08  Marine  
  53  4:12  Supply Depot  
  53  4:17  SCV x2  
  53  4:21  Siege Tank  
  58  4:24  Bunker  
  58  4:26  Marine x2  
  58  4:29  SCV  
  58  4:30  SCV  
  62  4:34  Supply Depot  
  62  4:40  Barracks  
  62  4:41  SCV  
  62  4:42  SCV  
  62  4:44  Marine x2  
  66  4:52  Supply Depot, Engineering Bay  
  66  4:56  Siege Tank  
  66  4:59  Refinery  
  70  5:00  SCV x2  
  70  5:02  Stimpack  
  70  5:03  Marine  
  70  5:06  Marine  
  70  5:07  Marine  
  74  5:20  Terran Infantry Weapons Level 1  
  74  5:21  Marine  
  72  5:24  Marine  
  71  5:32  Command Center  
  71  5:34  Marine  
  72  5:43  SCV x2  
  72  5:47  Supply Depot  
  72  5:48  Barracks  
  72  5:49  Combat Shield  
  72  5:50  Barracks  
  72  5:51  Factory Reactor  
  72  5:52  Starport Reactor  
  72  5:53  Marine x2, Marauder  
  78  5:57  Marauder  
  78  5:58  SCV  
  78  6:00  SCV  
  76  6:07  Supply Depot  
  76  6:10  Supply Depot  
  76  6:11  SCV, Marine x2  
  76  6:12  SCV  
  78  6:19  Marauder x2  
  78  6:23  SCV  
  78  6:24  SCV  
  83  6:28  Medivac, Viking  
  87  6:35  SCV  
  87  6:36  SCV, Marine x2  
  91  6:40  Barracks Tech Lab, Barracks Reactor  
  91  6:41  Marine  
  91  6:42  Widow Mine x2, Marauder  
  97  6:49  SCV  
  97  6:57  SCV  
  97  6:59  Refinery, Marine x2  
  97  7:00  Concussive Shells, Supply Depot, Refinery, Marauder x2  
  104  7:01  SCV  
  104  7:06  Orbital Command  
  105  7:08  Medivac  
  105  7:10  SCV  
  105  7:14  SCV  
  105  7:15  Marauder  
  111  7:20  Marine  
  111  7:21  Marauder, Marine x4  
  111  7:22  SCV  
  119  7:24  Widow Mine  
  119  7:26  SCV  
  122  7:30  Terran Infantry Armor Level 1  
  122  7:32  Supply Depot  
  122  7:34  SCV  
  116  7:38  SCV, Supply Depot, Marine  
  116  7:40  SCV  
  116  7:42  Supply Depot, Marine  
  116  7:43  Marine  
  116  7:44  Marine  
  120  7:49  SCV, Marine x2  
  120  7:50  SCV, Marine  
  126  7:55  Marine  
  126  7:57  SCV  
  128  8:00  Marine  
  125  8:06  Viking x2  
  125  8:08  Marauder  
  125  8:09  Marauder, Marine  
  125  8:10  Marine  
  128  8:14  Marauder  
  128  8:17  Marine  
  129  8:26  Marine  
  129  8:27  Marine  
  126  8:29  Marauder  
  126  8:31  Marauder  
  126  8:32  Armory  
  126  8:34  Command Center  
  131  8:35  Engineering Bay  
  131  8:37  Marine x2  
  131  8:38  Marauder  
  135  8:44  Marine  
  135  8:48  Marine  
  138  8:50  Marauder  
  138  8:54  Marine  
  138  8:55  Marine  
  143  8:59  Medivac, Marauder  
  143  9:00  Medivac  
  143  9:01  Marine  
  146  9:08  SCV x3  
  146  9:09  Ghost Academy  
  149  9:10  Marine x2  
  149  9:12  Marauder  
  149  9:13  Marauder  
  155  9:21  Marauder  
  157  9:39  SCV  
  157  9:43  Starport  
  83  9:45  SCV x2, Medivac x2  
  158  9:46  Supply Depot  
  158  9:50  Ghost  
  165  9:53  Ghost  
  167  10:00  SCV x3  
  167  10:04  Supply Depot  
  170  10:12  SCV  
  169  10:20  Ghost x2  
  146  10:22  Ghost, Marine x2  
  146  10:23  Viking  
Show
View Real Time Build Order
Export as new Build Order

MaNa Protoss - Winner!

Build Orders: 1 Gate Expand, Blink Stalkers, Colossus Rush 

Get SALT Encoding   

  12  0:00  Probe  
  13  0:12  Probe  
  14  0:16  Pylon  
  14  0:24  Probe (Chrono Boost)  
  15  0:35  Gateway  
  15  0:36  Probe (Chrono Boost)  
  15  0:42  Assimilator  
  16  0:46  Probe (Chrono Boost)  
  17  0:52  Probe  
  18  1:04  Probe  
  19  1:16  Probe  
  20  1:23  Cybernetics Core  
  20  1:34  Nexus  
  20  1:38  Probe  
  21  1:45  Pylon  
  21  1:50  Probe  
  22  1:54  Assimilator  
  22  2:00  Warp Gate  
  22  2:01  Adept (Chrono Boost)  
  22  2:07  Probe  
  25  2:16  Twilight Council  
  25  2:19  Probe  
  26  2:25  Adept  
  28  2:31  Probe  
  30  2:46  Probe (Chrono Boost)  
  30  2:48  Probe (Chrono Boost)  
  31  2:51  Gateway  
  31  2:56  Probe (Chrono Boost)  
  31  2:57  Blink (Chrono Boost)  
  32  3:00  Probe (Chrono Boost)  
  32  3:01  Probe (Chrono Boost)  
  34  3:09  Stalker  
  37  3:13  Probe (Chrono Boost)  
  37  3:16  Probe (Chrono Boost)  
  38  3:25  Robotics Facility  
  40  3:28  Probe (Chrono Boost)  
  40  3:29  Probe (Chrono Boost)  
  40  3:32  Probe (Chrono Boost)  
  41  3:36  Probe  
  42  3:43  Pylon  
  42  3:48  Stalker x2  
  42  3:55  Assimilator  
  46  3:57  Assimilator  
  46  4:01  Probe x2  
  48  4:05  Pylon  
  48  4:09  Warp Prism (Chrono Boost)  
  48  4:13  Probe x2  
  52  4:20  Pylon  
  52  4:25  Probe x2  
  52  4:27  Robotics Bay  
  52  4:29  Stalker  
  56  4:34  Observer  
  56  4:38  Probe x2  
  59  4:39  Stalker  
  61  4:50  Probe x2  
  61  4:52  Pylon, Observer  
  63  4:53  Stalker  
  66  5:04  Zealot  
  66  5:06  Probe x2  
  70  5:13  Colossus (Chrono Boost)  
  68  5:18  Stalker  
  70  5:32  Probe x2  
  72  5:36  Nexus  
  72  5:38  Stalker  
  74  5:44  Probe x2  
  76  5:55  Charge  
  76  5:56  Probe  
  77  5:57  Extended Thermal Lance  
  77  6:03  Gateway  
  77  6:15  Probe  
  78  6:21  Pylon  
  78  6:23  Pylon  
  78  6:35  Gateway  
  78  6:36  Colossus (Chrono Boost)  
  78  6:39  Probe x2  
  86  6:51  Probe x2  
  86  6:52  Probe  
  86  6:53  Gateway  
  89  6:56  Forge  
  89  6:57  Gateway  
  89  6:59  Sentry x3, Gateway  
  95  7:02  Observer  
  95  7:03  Probe x2  
  95  7:04  Probe  
  98  7:16  Probe x3  
  98  7:19  Shield Battery  
  98  7:22  Pylon  
  101  7:23  Colossus (Chrono Boost)  
  101  7:28  Probe  
  107  7:32  Observer  
  103  7:42  Zealot x4  
  109  7:46  Nexus  
  109  7:47  Pylon, Protoss Ground Weapons Level 1 (Chrono Boost)  
  110  7:51  Probe x2  
  110  7:52  Shield Battery  
  110  7:57  Templar Archives  
  110  8:05  Zealot x6  
  114  8:10  Stalker  
  114  8:24  Probe x2  
  107  8:40  Pylon, Psionic Storm  
  107  8:45  Pylon  
  107  8:46  Nexus  
  107  8:47  Pylon  
  107  8:49  High Templar  
  107  8:53  Gateway  
  109  8:55  Pylon, Gateway  
  109  9:00  Immortal (Chrono Boost)  
  113  9:02  High Templar  
  113  9:03  Gravitic Drive (Chrono Boost), High Templar x2  
  113  9:07  Probe x2  
  113  9:08  Zealot x3  
  127  9:13  Pylon  
  127  9:18  Probe  
  127  9:20  Assimilator  
  127  9:21  Assimilator  
  126  9:26  Shield Battery  
  126  9:28  Zealot  
  126  9:29  Zealot x3  
  140  9:39  Stalker x3  
  144  9:52  Zealot  
  144  9:53  Zealot  
  144  9:57  Shield Battery  
  144  9:59  High Templar x2  
  152  10:03  Zealot x3, Archon  
  152  10:04  Zealot x2, Probe x2  
  152  10:05  Probe  
  142  10:28  Zealot x3  
  147  10:34  Zealot x5  
  148  10:36  Pylon  
  142  10:44  Pylon  
  138  10:54  Pylon  
  138  10:56  Pylon  
Tags
 
Add a new tag
Caveats
  • Supply blocks, unpowered buildings, or Contaminate may cause inaccurate times.
  • Supply counts are checked every 10 seconds.